 Dungeon Crawl Stone Soup version 0.21-a0-331-gfb491b4 (webtiles) character file.

24 4thArraOfDagon the Skirmisher (level 3, -1/35 HPs)
             Began as a Gnoll Wanderer on Oct 2, 2017.
             Slain by an orc (4 damage)
             ... on level 3 of the Dungeon.
             The game lasted 00:01:38 (342 turns).

4thArraOfDagon the Skirmisher (Gnoll Wanderer)       Turns: 342, Time: 00:01:39

Health: -1/35      AC:  2    Str: 14    XL:     3   Next: 2%
Magic:  7/7        EV: 11    Int: 14    God:
Gold:   0          SH:  0    Dex: 15    Spells: 5/7 levels left

rFire    . . .     SeeInvis .   b - +0 short sword
rCold    . . .     Gourm    .   (no shield)
rNeg     . . .     Faith    .   d - +0 robe
rPois    .         Spirit   .   (no helmet)
rElec    .         Reflect  .   (no cloak)
rCorr    .         Harm     .   (no gloves)
MR       .....                  (no boots)
Stlth    ++........             (no amulet)
HPRegen  0.11/turn              (no ring)
MPRegen  0.10/turn              (no ring)

@: no status effects
A: distributed training, fangs 1, strong nose
a: no special abilities


You were on level 3 of the Dungeon.
You were not hungry.

You visited 1 branch of the dungeon, and saw 3 of its levels.

Inventory:

Hand Weapons
 b - a +0 short sword (weapon)
Armour
 d - a +0 robe (worn)
Scrolls
 c - a scroll of identify {unknown}
 e - a scroll of enchant armour {unknown}
 h - a scroll of enchant weapon {unknown}
Potions
 i - a potion of magic {unknown}
Books
 a - a book of Minor Magic

   Spells                             Type                      Level
   a - Magic Dart                     Conjuration                  1
   b - Blink                          Translocation                2
   c - Call Imp                       Summoning                    2
   d - Slow                           Hexes                        2
   e - Conjure Flame                  Conjuration/Fire             3
   f - Mephitic Cloud                 Conjuration/Poison/Air       3
 g - Kikubaaqudgha's Collected Works on Sinister Secrets
   (You found it on level 2 of the Dungeon)

   Spells                             Type                      Level
   a - Pain                           Necromancy                   1
Comestibles
 f - a bread ration


   Skills:
 + Level 6.5 Fighting
 + Level 4.5 Short Blades
 + Level 0.5 Long Blades
 + Level 0.5 Axes
 + Level 0.5 Maces & Flails
 + Level 0.5 Polearms
 + Level 0.5 Staves
 + Level 0.5 Slings
 + Level 0.5 Bows
 + Level 0.5 Crossbows
 + Level 2.5 Throwing
 + Level 0.5 Armour
 + Level 0.5 Dodging
 + Level 0.5 Stealth
   Level 0.0 Stabbing
 + Level 2.5 Shields
   Level 0.0 Traps
 + Level 0.5 Unarmed Combat
 + Level 2.7 Spellcasting
 + Level 0.5 Conjurations
 + Level 0.5 Hexes
 + Level 2.5 Charms
 + Level 0.5 Summonings
 + Level 2.5 Necromancy
 + Level 0.5 Translocations
 + Level 0.5 Transmutations
 + Level 0.5 Fire Magic
 + Level 0.5 Ice Magic
 + Level 0.5 Air Magic
 + Level 0.5 Earth Magic
 + Level 0.5 Poison Magic
 + Level 0.5 Invocations
 + Level 0.5 Evocations


You had 5 spell levels left.
You knew the following spells:

 Your Spells              Type           Power        Failure   Level  Hunger
a - Blink                 Tloc           N/A          26%         2    ###....


Dungeon Overview and Level Annotations

Branches:
Dungeon (3/15)

Altars:
Kikubaaqudgha
Sif Muna
Vehumet

Annotations:
D:3 Robin


Innate Abilities, Weirdness & Mutations

Your experience applies equally to all skills.
You have very sharp teeth.
Your uncanny sense of smell can sniff out nearby items.


Message History

The orc is lightly wounded.
The orc barely misses you.
You hit the orc. You bite the orc, but do no damage.
The orc is moderately wounded.
The orc hits you.
* * * LOW HITPOINT WARNING * * *
You hit the orc but do no damage.
The orc is moderately wounded.
The orc hits you.
* * * LOW HITPOINT WARNING * * *
You hit the orc. You bite the orc, but do no damage.
The orc is severely wounded.
You hit the orc.
The orc is almost dead.
The orc hits you.
* * * LOW HITPOINT WARNING * * *
You hit the orc but do no damage.
The orc is almost dead.
The orc hits you.
You die...

#..g.<.# #.##...#
....g.####.#[†....#
##### #..<....##
######.## #.# #.#
#.# # ##########.#
#.##.###...gggo@..#
#..g..†..##########
......##### #####


You could see an orc, a hobgoblin and 2 goblins.

Vanquished Creatures
  An ooze (D:2)
  A worm (D:2)
  2 giant cockroaches
  A goblin (D:2)
  2 hobgoblins (D:2)
  A quokka (D:3)
  5 bats
  A frilled lizard (D:2)
  A kobold (D:2)
  A rat (D:2)
16 creatures vanquished.

Notes
Turn   | Place    | Note
-------+----------+-------------------------------------------
     0 | D:1      | 4thArraOfDagon the Gnoll Wanderer began the quest for the Orb.
     0 | D:1      | 4thArraOfDagon set off with: a book of Minor Magic, a +0 short sword, a potion of lignification, a +0 robe, a bread ration
     0 | D:1      | Reached XP level 1. HP: 23/23 MP: 4/4
     0 | D:1      | 4thArraOfDagon: no ru abi
   110 | D:3      | Noticed Robin
   123 | D:2      | Reached XP level 2. HP: 22/29 MP: 5/5
   179 | D:2      | Found a radiant altar of Vehumet.
   185 | D:2      | Found an ancient bone altar of Kikubaaqudgha.
   186 | D:2      | Found a deep blue altar of Sif Muna.
   200 | D:2      | Identified Kikubaaqudgha's Collected Works on Sinister Secrets
   205 | D:2      | Learned a level 2 spell: Blink
   313 | D:3      | Reached XP level 3. HP: 17/35 MP: 7/7
   342 | D:3      | Slain by an orc

Vault maps used:
D:1:      dpeg_arrival_snail
D:2:      grunt_temple_overflow_magic_moments
D:3:      overflow_temple_1_default, lemuel_crystal_altar, lemuel_crystal_altar,
          tgw_trog, kennysheep_generic_room_13, uniq_robin, uniq_sigmund

Action                   || total
-------------------------++-------
Melee: Short sword       ||    71
       Bite              ||    10
  Use: Potion            ||     1
Armor: Skin              ||    10
       Robe              ||    22
Dodge: Dodged            ||    34

Table legend:
 A = Spawn XP
 B = Non-spawn XP
 C = Spawn XP percentage of total XP
 D = Spawn monster count
 E = Non-spawn monster count
 F = Spawn count percentage of total count
 G = Total turns spent on level
                    A         B        C        D         E        F      G
               +---------+---------+-------+---------+---------+-------+---------
         Total |       0 |      35 |   0.0 |       0 |      16 |   0.0 |   342
               +---------+---------+-------+---------+---------+-------+---------
           D:2 |       0 |      28 |   0.0 |       0 |      12 |   0.0 |   216
           D:3 |       0 |       7 |   0.0 |       0 |       4 |   0.0 |    67
               +---------+---------+-------+---------+---------+-------+---------
